 Dungeon Crawl Stone Soup version 0.18-a0-1186-gd02dc51 (webtiles) character file.

159 kae the Insei (level 5, -2/41 HPs)
             Began as a Demonspawn Monk on Jan 28, 2016.
             Killed by divine providence
             ... invoked by an orc priest
              (14 damage)
             ... on level 3 of the Dungeon.
             The game lasted 00:03:21 (2598 turns).

kae the Insei (Demonspawn Monk)                     Turns: 2598, Time: 00:03:22

Health: -2/41      AC:  6    Str: 11    XL:     5   Next: 17%
Magic:  5/5        EV: 13    Int: 11    God:
Gold:   71         SH:  0    Dex: 17    Spells: 0 memorised, 4 levels left

rFire  . . .     SeeInvis .       - Unarmed
rCold  . . .     Gourm    .     a - +1 robe
rNeg   . . .     Faith    .     (no shield)
rPois  .         Spirit   .     (no helmet)
rElec  .         Dismiss  .     (no cloak)
rCorr  .         Reflect  .     (no gloves)
SustAt .         Harm     .     e - +0 pair of boots
MR     .....                    (no amulet)
Stlth  ++++......               (no ring)
                                g - ring of wizardry (curse)

@: not resistant to hostile enchantments, stealthy
A: thin metallic scales 1, nightstalker 2
a: no special abilities


You were on level 3 of the Dungeon.
You were not hungry.

You visited 1 branch of the dungeon, and saw 3 of its levels.

You collected 71 gold pieces.

Inventory:

Armour
 a - a +1 robe (worn)
 e - a +0 pair of boots (worn)
Jewellery
 g - a cursed ring of wizardry (left hand)
Wands
 d - a wand of heal wounds (1/9)
Scrolls
 c - 2 scrolls of fog
 i - a scroll of enchant armour
 j - a scroll of recharging
Potions
 f - a potion of curing {unknown}
 h - 2 potions of might
Books
 k - a book of Necromancy

   Spells                             Type                      Level
   a - Pain                           Necromancy                   1
   b - Animate Skeleton               Necromancy                   1
   c - Vampiric Draining              Necromancy                   3
   d - Regeneration                   Charms/Necromancy            3
   e - Animate Dead                   Necromancy                   4
   f - Control Undead                 Necromancy                   4
Comestibles
 b - a bread ration
 l - 3 fruits


   Skills:
 - Level 3.0 Fighting
 - Level 2.6 Dodging
 - Level 1.7 Stealth
 + Level 5.9 Unarmed Combat


You had 4 spell levels left.
You didn't know any spells.

Dungeon Overview and Level Annotations

Branches:
Dungeon (3/15)

Altars:


Innate Abilities, Weirdness & Mutations

You are partially covered in thin metallic scales (AC +2).
You are significantly more attuned to the shadows.


Message History

You hit the orc but do no damage. You punch the orc.
The orc is almost dead.
The orc hits you with a club.
Unknown command.
You hit the orc.
You kill the orc!
The orc priest closely misses you.
Unknown command.
You closely miss the orc priest. Your punch misses the orc priest.
The orc wizard hits you with a dagger.
The orc priest invokes the aid of Beogh against you.
Pain shoots through your body!
* * * LOW HITPOINT WARNING * * *
Unknown command.
You hit the orc priest.
The orc priest is moderately wounded.
The orc wizard misses you.
The orc priest invokes the aid of Beogh against you.
Something smites you!
You die...

####### #.....#
#.....########
+..<.....>....
.##.....#.######
.....o†(#.#
....o@..#.#
....#####.# ...
#..(# .. #...#
## .
####...##...
#.###
............
.....
######.##...
#.#.# #.# ##
#.#.# ######.#
##.#.#


You could see an orc priest and an orc wizard.

Vanquished Creatures
  Ijyb (D:2)
  4 gnolls (D:2)
  2 adders (D:2)
  An ooze (D:1)
  2 worms (D:2)
  2 giant geckos (D:1)
  An orc (D:3)
  5 giant cockroaches
  10 goblins
  4 hobgoblins
  5 jackals (D:2)
  3 quokkas
  7 bats
  2 giant newts (D:1)
  8 kobolds
  6 rats (D:1)
63 creatures vanquished.

Notes
Turn   | Place    | Note
--------------------------------------------------------------
     0 | D:1      | kae the Demonspawn Monk began the quest for the Orb.
     0 | D:1      | Reached XP level 1. HP: 18/18 MP: 1/1
   127 | D:1      | Reached skill level 4 in Unarmed Combat
   166 | D:1      | Gained mutation: You are partially covered in thin metallic scales (AC +2). [demonic ancestry]
   166 | D:1      | Reached XP level 2. HP: 18/24 MP: 2/2
   885 | D:1      | Reached XP level 3. HP: 29/29 MP: 3/3
  1539 | D:2      | Reached skill level 5 in Unarmed Combat
  1773 | D:2      | Gained mutation: You are slightly more attuned to the shadows. [demonic ancestry]
  1773 | D:2      | Reached XP level 4. HP: 28/35 MP: 4/4
  1844 | D:2      | Noticed Ijyb
  1869 | D:2      | Killed Ijyb
  2326 | D:2      | Gained mutation: You are significantly more attuned to the shadows. [demonic ancestry]
  2326 | D:2      | Reached XP level 5. HP: 37/41 MP: 5/5
  2598 | D:3      | Killed from afar by an orc priest

Vault maps used:
D:1:      lemuel_arrival_muddy, hangedman_decor_clover_reticule
D:2:      kennysheep_goblin_castle

Action                   |  1- 3 |  4- 6 || total
-------------------------+-------+-------++-------
Melee: Unarmed           |   166 |    95 ||   261
  Use: Scroll            |     3 |     2 ||     5
 Stab: Sleeping          |     4 |     4 ||     8
       Distracted        |     1 |       ||     1
  Eat: Chunk             |     3 |     3 ||     6
